 Dungeon Crawl Stone Soup version 0.31-a0-986-g5e6e4ef867 (webtiles) character file.

Game seed: 9832448833837517452

69 horus123 the Trooper (level 4, -3/38 HPs)
             Began as a Draconian Hexslinger on Nov 20, 2023.
             Slain by an orc
             ... wielding a +0 flail
              (5 damage)
             ... on level 2 of the Dungeon.
             The game lasted 00:03:28 (1466 turns).

horus123 the Trooper (Draconian Hexslinger)         Turns: 1466, Time: 00:03:28

Health: -3/38      AC:  5    Str: 10    XL:     4   Next: 2%
Magic:  8/8        EV: 12    Int: 16    God:
Gold:   180        SH:  0    Dex: 13    Spells: 6/8 levels left

rFire   . . .        a - +1 sling
rCold   . . .        (no shield)
rNeg    . . .        (body armour unavailable)
rPois   .            (helmet restricted)
rElec   .            (no cloak)
rCorr   +            (no gloves)
SInv    .            (no boots)
Will    +....        (no amulet)
Stlth   +            d - ring of resist corrosion
HPRegen 0.26/turn    h - ring of willpower
MPRegen 0.11/turn

%: no passive effects
@: no status effects
A: AC +5, unfitting armour, cold-blooded
a: no special abilities


You were on level 2 of the Dungeon.
You visited 1 branch of the dungeon, and saw 3 of its levels.

You collected 180 gold pieces.

Inventory:

Hand Weapons
 a - a +1 sling (weapon)
 c - a +0 spear
Missiles
 p - a throwing net
Jewellery
 d - a ring of resist corrosion (left hand)
 h - a ring of willpower (right hand)
Scrolls
 b - a scroll of poison
 i - a scroll of silence {unknown}
 j - a scroll of vulnerability {unknown}
 m - a scroll of fog {unknown}
 n - a scroll of revelation {unknown}
Potions
 e - a potion of might {unknown}
 f - a potion of cancellation {unknown}
 g - 3 potions of attraction {unknown}
 k - a potion of resistance {unknown}
 l - a potion of lignification {unknown}
 o - a potion of mutation {unknown}
 q - 2 potions of magic {unknown}


   Skills:
 - Level 3.0 Fighting
 - Level 1.7 Ranged Weapons
 - Level 1.7 Dodging
 + Level 2.6 Spellcasting
 - Level 2.6 Hexes
 - Level 1.0 Fire Magic


You had 6 spell levels left.
You knew the following spells:

 Your Spells              Type           Power      Damage    Failure   Level
a - Jinxbite              Hex            20%        N/A       10%         2

Your spell library contained the following spells:

 Spells                   Type           Power      Damage    Failure   Level
 Sigil of Binding         Hex            10%        N/A       19%         3
 Inner Flame              Hex/Fire       8%         N/A       26%         3
 Cause Fear               Hex            5%         N/A       54%         4
 Dimensional Bullseye     Hex/Tloc       3%         N/A       73%         4


Dungeon Overview and Level Annotations

Branches:
Dungeon (3/15)

Altars:
Ashenzari


Innate Abilities, Weirdness & Mutations

Your plain brown scales are hard. (AC +5)
You cannot fit into any form of body armour.
You are cold-blooded and may be slowed by cold attacks.


Message History

The orc hits you with a +0 flail. The worm bites you.
The orc hits you with a +0 flail!
You shoot a sling bullet.
The sling bullet hits the worm but does no damage.
The worm is severely wounded.
The orc barely misses you. The worm bites you but does no damage.
You shoot a sling bullet. The sling bullet hits the worm.
The worm is severely wounded.
The orc closely misses you. The worm bites you.
You shoot a sling bullet. The sling bullet hits the worm.
The worm is severely wounded.
The orc hits you with a +0 flail. The orc closely misses you.
You are too injured to fight recklessly!
The worm bites you!
* * * LOW HITPOINT WARNING * * *
The orc closely misses you.
You climb upwards.
There is a stone staircase leading down here.
You are too injured to fight recklessly!
You are too injured to fight recklessly!
Fire: a) +1 sling
Press: ? - help, Q - select action, (/) - cycle Shift-Dir - straight line, f - worm
Aim: a worm (severely wounded, 76% to hit)
Okay, then.
Okay, then.
The worm bites you.
* * * LOW HITPOINT WARNING * * *
The orc hits you with a +0 flail.
* * * LOW HITPOINT WARNING * * *
The orc attacks as it pursues you! The orc misses you.
The orc attacks as it pursues you! The orc hits you with a +0 flail.
* * * LOW HITPOINT WARNING * * *
The orc attacks as it pursues you! The orc hits you but does no damage.
Fire: a) +1 sling
Press: ? - help, Q - select action, (/) - cycle Shift-Dir - straight line, f - orc
Aim: an orc, wielding a +0 flail (56% to hit)
You shoot a sling bullet. The sling bullet hits the orc.
The orc is severely wounded.
The orc hits you with a +0 flail.
You die...

####.....## ###..#.......#
######....### ##.#.......#
.......%....#####.........#
######.#....w.............#
.......###.##.>......######
####...##..w.#####..###
.####...#....# #....##
............w######.#..####
.......#.......o@....#....#
#......##....######)......#
##.....####### #..###...#
#.........#######.## #...#
#.....###.........# #####
####### ###########


You could see a worm and an orc.

Vanquished Creatures
  2 worms (D:2)
  3 dart slugs
  2 ball pythons
  8 endoplasms
  A giant cockroach (D:1)
  7 goblins
  3 hobgoblins
  2 jackals (D:2)
  6 kobolds
  A quokka (D:1)
  8 bats
  5 frilled lizards
  3 rats
51 creatures vanquished.

Notes
Turn   | Place    | Note
-------+----------+-------------------------------------------
     0 | D:1      | horus123 the Draconian Hexslinger began the quest for the
                  | Orb.
     0 | D:1      | Reached XP level 1. HP: 16/16 MP: 2/2
   134 | D:1      | Reached skill level 2 in Fighting
   176 | D:1      | Reached XP level 2. HP: 24/25 MP: 3/3
   376 | D:1      | Reached skill level 3 in Fighting
   449 | D:1      | Found a faded altar of an unknown god.
   471 | D:1      | Reached XP level 3. HP: 31/31 MP: 5/5
   474 | D:1      | Learned a level 2 spell: Jinxbite
   992 | D:2      | Found a broken altar of Ashenzari.
  1312 | D:2      | Reached XP level 4. HP: 38/38 MP: 6/8
  1462 | D:2      | HP: 1/38 [orc/+0 flail (2)]
  1466 | D:2      | Slain by an orc

Illustrated notes

Levels and vault maps discovered:
D:1:      shiori_arrival_maze, layout_basic, ebering_ecumenical_altar_petrified,
          hex_large
D:2:      layout_rooms, basic_altar
D:3:      minmay_evil_eye, layout_rooms, uniq_robin

Skill      XL: |  1  2  3 |
---------------+----------+-----
Fighting       | 2 3 |  3.0
Spellcasting   | 2 |  2.6
Ranged Weapons | |  1.7
Dodging        | |  1.7
Hexes          | |  2.6
Fire Magic     | |  1.0

Action                     |  1- 3 |  4- 6 || total
---------------------------+-------+-------++-------
   Fire: Sling             |   159 |    11 ||   170
 Armour: Skin              |    43 |    12 ||    55
  Dodge: Dodged            |    49 |     7 ||    56

Table legend: (Time is in decaauts)
 A = Elapsed time spent in this place.
 B = Non-inter-level travel time spent in this place.
 C = Inter-level travel time spent in this place.
 D = Time resting spent in this place.
 E = Time spent auto-exploring this place.
 F = Levels seen in this place.
 G = Mean time per level.
                   A        B        C        D        E       F      G
               +--------+--------+--------+--------+--------+-----+--------+
         Total |   1521 |   1478 |     43 |      0 |   1136 |   3 |  507.0 |
       Dungeon |   1521 |   1478 |     43 |      0 |   1136 |   3 |  507.0 |
               +--------+--------+--------+--------+--------+-----+--------+

Top non-repeatable levels by time:
     D:1: 891 daAuts
     D:2: 614 daAuts
     D:3: 15 daAuts
